 Dungeon Crawl Stone Soup version 0.29.1-14-g9c671dbff4 (webtiles) character file.

Game seed: 6921162753465043079

198 promet the Magician (level 5, -6/30 HPs)
             Began as a Deep Elf Air Elementalist on Feb 17, 2023.
             Was an Initiate of Hepliaklqana.
             Mangled by a yak (16 damage)
             ... on level 4 of the Dungeon.
             The game lasted 00:15:51 (4950 turns).

promet the Magician (Deep Elf Air Elementalist)     Turns: 4950, Time: 00:15:52

Health: -6/30      AC:  3    Str:  7    XL:     5   Next: 47%
Magic:  13/13      EV: 12    Int: 20    God:    Hepliaklqana [......]
Gold:   108        SH:  0    Dex: 15    Spells: 7/13 levels left

rFire   . . .      SeeInvis .   a - +2 falchion (protect)
rCold   + + .      Faith    .   (no shield)
rNeg    . . .      Spirit   .   l - +0 leather armour
rPois   .          Reflect  .   (no helmet)
rElec   .          Harm     .   (no cloak)
rCorr   .          Rampage  .   (no gloves)
Will    .....                   (no boots)
Stlth   ++........              (no amulet)
HPRegen 0.10/turn               f - ring of flight
MPRegen 0.13/turn               (no ring)

@: mighty, flying
A: cold resistance 2, robust 1
a: Renounce Religion


You were on level 4 of the Dungeon.
You worshipped Hepliaklqana.
Hepliaklqana was noncommittal.
You visited 1 branch of the dungeon, and saw 4 of its levels.

You collected 108 gold pieces.

Inventory:

Hand Weapons
 a - a +2 falchion of protection (weapon)
 b - a +0 sling
 j - a +0 dagger
 k - a +0 falchion
Missiles
 h - 26 stones
 p - 8 poisoned darts
Armour
 d - a +0 robe
 l - a +0 leather armour (worn)
Jewellery
 f - a ring of flight (left hand)
 o - a ring of protection from cold
Scrolls
 g - 3 scrolls of teleportation
 i - a scroll of enchant armour {unknown}
 m - a scroll of butterflies
Potions
 c - a potion of might
 e - a potion of magic
 n - a potion of curing


   Skills:
 + Level 0.2 Fighting
 + Level 0.1 Long Blades
 + Level 0.5 Armour
 + Level 2.9 Dodging
 + Level 3.0 Stealth
 + Level 4.6 Spellcasting
 + Level 2.3 Conjurations
 + Level 4.5 Air Magic


You had 7 spell levels left.
You knew the following spells:

 Your Spells              Type           Power      Damage    Failure   Level
a - Shock                 Conj/Air       72%        1d7       4%          1
b - Static Discharge      Conj/Air       18%        3-6/arc   6%          2
c - Swiftness             Air            22%        N/A       9%          3

Your spell library contained the following spells:

 Spells                   Type           Power      Damage    Failure   Level
 Airstrike                Air            11%        2d(2-18)  26%         4
 Call Canine Familiar     Summ           4%         N/A       47%         3
 Portal Projectile        Hex/Tloc       8%         N/A       47%         3
 Leda's Liquefaction      Hex/Erth       2%         N/A       87%         4


Dungeon Overview and Level Annotations

Branches:
Dungeon (4/15)
 Temple: D:4-7

Altars:
Hepliaklqana


Innate Abilities, Weirdness & Mutations

Your flesh is very cold resistant. (rC++)
You are robust. (+10% HP)


Message History

The necrophage hits you.
You feel drained.
Casting: Static Discharge (safe; 8% risk of failure)
Confirm with . or Enter, or press ? or * to list all spells.
The necrophage is struck by an arc of lightning!
The necrophage is heavily damaged.
You are struck by an arc of lightning.
The necrophage is struck by an arc of lightning.
The necrophage is severely damaged.
You are struck by an arc of lightning.
The lightning grounds out.
The necrophage hits you.
You feel drained.
Casting: Static Discharge (safe; 8% risk of failure)
Confirm with . or Enter, or press ? or * to list all spells.
The necrophage is struck by an arc of lightning.
The necrophage is almost destroyed.
You are struck by an arc of lightning.
The necrophage is struck by an arc of lightning!
You destroy the necrophage!
You are struck by an arc of lightning.
The lightning grounds out.
Your life force feels restored.
Your Stealth skill increases to level 3!
You have reached level 5!
You start resting.
Magic restored.
You start resting.
HP restored.
You start waiting.
Done waiting.
Okay, then.
You feel very mighty all of a sudden.
You fly downwards.
You hear the hiss of flowing sand.
There is an entrance to an ossuary on this level.
Hurry and find it before the portal is buried!
You hear the quick hiss of a distant avalanche of sand.
A yak comes into view.
The yak barely misses you. The yak gores you!
Ouch! That really hurt!
The black bear bites you. The black bear barely misses you.
The black bear claws you. The yak gores you!
Ouch! That really hurt!
You die...

♣P.♣. ♣♣.#
##.....# ..PP♣P
♣...#........
♣♣......
♣......###...
♣... P♣........##
#..
..PP.♣[♣♣........
... ♣.♣.........
...> ♣..........
.#..
♣♣♣♣♣...Y......
YY.....@h......
..Y.###.Y...... O
#####.##. .#


You could see 5 yaks, a black bear and an ogre.

Vanquished Creatures
  A necrophage (D:3)
  4 gnolls (D:3)
  3 adders
  A dart slug (D:2)
  4 orcs
  5 ball pythons
  7 bats
  4 endoplasms
  3 goblins
  4 hobgoblins
  8 jackals (D:3)
  5 quokkas
  5 frilled lizards
  5 kobolds
  A rat (D:1)
60 creatures vanquished.

Vanquished Creatures (others)
  3 plants (D:4)
3 creatures vanquished.

Grand Total: 63 creatures vanquished

Notes
Turn   | Place    | Note
-------+----------+-------------------------------------------
     0 | D:1      | promet the Deep Elf Air Elementalist began the quest for
                  | the Orb.
     0 | D:1      | Reached XP level 1. HP: 10/10 MP: 6/6
   671 | D:1      | Reached XP level 2. HP: 15/15 MP: 5/8
   674 | D:1      | Learned a level 2 spell: Static Discharge
  2160 | D:2      | Gained mutation: Your body sometimes deteriorates upon
                  | taking damage. [potion of mutation]
  2160 | D:2      | Gained mutation: You do not regenerate when monsters are
                  | visible. [potion of mutation]
  2255 | D:2      | Reached XP level 3. HP: 19/19 MP: 6/9
  2343 | D:2      | Found a faded altar of an unknown god.
  3199 | D:3      | Learned a level 3 spell: Swiftness
  3245 | D:3      | Reached XP level 4. HP: 22/24 MP: 3/11
  4204 | D:3      | Lost mutation: Your body sometimes deteriorates upon taking
                  | damage. [potion of mutation]
  4204 | D:3      | Lost mutation: You do not regenerate when monsters are
                  | visible. [potion of mutation]
  4204 | D:3      | Gained mutation: Your flesh is cold resistant. (rC+)
                  | [potion of mutation]
  4204 | D:3      | Gained mutation: Your flesh is very cold resistant. (rC++)
                  | [potion of mutation]
  4204 | D:3      | Gained mutation: You are robust. (+10% HP) [potion of
                  | mutation]
  4297 | D:3      | Found a hazy altar of Hepliaklqana.
  4306 | D:3      | Became a worshipper of Hepliaklqana the Forgotten
  4483 | D:4      | Noticed an ogre
  4615 | D:4      | Noticed a black bear
  4721 | D:4      | Noticed a necrophage
  4721 | D:4      | Noticed a yak
  4721 | D:4      | Noticed a yak
  4721 | D:4      | Noticed a yak
  4723 | D:4      | Noticed a yak
  4726 | D:3      | Killed a necrophage
  4727 | D:3      | Reached XP level 5. HP: 17/30 MP: 6/13
  4950 | D:4      | Noticed a yak
  4950 | D:4      | Noticed a yak
  4950 | D:4      | Mangled by a yak

Illustrated notes

Levels and vault maps discovered:
D:1:      kennysheep_arrival_seaside, layout_basic
D:2:      layout_loops_corners, shapermc_ecumenical_altar_venn
D:3:      layout_loops_cross, mainiacjoe_overflow_surrounded_room, st_stairs_4
D:4:      layout_cave_pools, enter_ossuary_1, serial_forest,
          infiniplex_forest_3_way, infiniplex_forest_clump_double,
          infiniplex_forest_clump_small, infiniplex_forest_end_2,
          infiniplex_forest_clump_medium, infiniplex_forest_clump_curved,
          infiniplex_forest_end_1, grunt_ministairs_8, minivault_27

Skill      XL: |  1  2  3  4 |
---------------+-------------+-----
Air Magic      | 4 |  4.5
Spellcasting   | 4 |  4.6
Conjurations   | 2 |  2.3
Stealth        | 3 |  3.0
Fighting       | |  0.2
Long Blades    | |  0.1
Armour         | |  0.5
Dodging        | |  2.9

Action                   |  1- 3 |  4- 6 || total
-------------------------+-------+-------++-------
Melee: Dagger            |    16 |       ||    16
       Falchion          |     9 |     5 ||    14
 Cast: Shock             |    67 |    42 ||   109
       Static Discharge  |     3 |     7 ||    10
  Use: Scroll            |     5 |     2 ||     7
       Potion            |     4 |     2 ||     6
 Stab: Sleeping          |     1 |       ||     1
Armor: Robe              |    11 |       ||    11
       Leather armour    |     6 |       ||     6
Dodge: Dodged            |    35 |    13 ||    48
